Map: Ley Lines

Players

KimChiLoVer - Winner!

  • Race: Terran Terran
  • Spawn Location: 1:00

VOD

Have the link to the VOD?

Description

Time

  • Played on: Aug. 16, 2025, 10:37 a.m.
  • Length: 10:06
Show
View Real Time Build Order
Export as new Build Order

KimChiLoVer Terran - Winner!

Build Orders: Reaper Expand 

Get SALT Encoding   

  12  0:02  SCV  
  12  0:14  SCV  
  12  0:17  Supply Depot  
  12  0:26  SCV  
  12  0:38  SCV  
  12  0:39  Barracks  
  12  0:43  Refinery  
  12  0:50  SCV  
  12  1:08  SCV  
  12  1:20  SCV  
  12  1:30  Reaper  
  12  1:32  Orbital Command  
  12  1:40  Command Center  
  12  1:51  Supply Depot  
  12  1:58  SCV  
  12  2:02  Marine  
  12  2:05  Factory  
  12  2:15  Refinery, SCV  
  12  2:24  Barracks  
  12  2:27  SCV  
  12  2:33  Barracks  
  12  2:39  SCV  
  12  2:45  Barracks Reactor  
  12  2:51  Factory Tech Lab  
  12  2:52  SCV  
  12  2:55  Orbital Command  
  12  3:07  SCV  
  12  3:22  Command Center  
  12  3:24  SCV  
  12  3:29  Stimpack  
  12  3:31  Marine  
  12  3:34  SCV  
  12  3:41  Starport  
  12  3:42  Factory Reactor  
  12  3:45  Marine  
  12  3:46  SCV  
  12  3:48  SCV  
  12  3:52  Marine x2  
  12  3:53  Marine  
  12  4:00  Engineering Bay  
  12  4:04  Engineering Bay  
  12  4:08  SCV  
  12  4:10  Marine x2  
  12  4:13  SCV  
  12  4:17  Supply Depot  
  12  4:18  Marine  
  12  4:19  Marine  
  12  4:28  Terran Infantry Weapons Level 1  
  12  4:31  Terran Infantry Armor Level 1  
  12  4:32  Factory Tech Lab  
  12  4:33  SCV x2  
  12  4:40  Orbital Command  
  12  4:43  Medivac  
  12  4:46  Medivac  
  12  4:53  Supply Depot  
  12  4:56  Barracks  
  12  4:57  Barracks Tech Lab  
  12  5:01  Marine  
  12  5:02  Marine  
  12  5:05  Barracks  
  12  5:13  Refinery  
  12  5:14  SCV, Supply Depot  
  12  5:15  SCV  
  12  5:17  SCV  
  12  5:20  Marine x2  
  12  5:21  Combat Shield  
  12  5:29  Armory  
  12  5:30  SCV x2, Orbital Command  
  12  5:35  Marine x2  
  12  5:38  Siege Tank  
  12  5:44  SCV  
  12  5:45  Supply Depot  
  12  5:47  Marine  
  12  5:51  Barracks Tech Lab  
  12  5:52  SCV  
  12  5:53  Marauder  
  12  5:54  Refinery  
  12  5:56  Barracks Reactor  
  12  6:00  SCV  
  12  6:02  SCV  
  12  6:03  Marauder  
  12  6:05  SCV  
  12  6:08  Medivac  
  12  6:12  SCV  
  12  6:14  Marauder, SCV  
  12  6:16  Marine x2  
  12  6:23  Supply Depot  
  12  6:24  Concussive Shells  
  12  6:25  Marine x2  
  12  6:28  Terran Infantry Weapons Level 2  
  12  6:31  SCV x3  
  12  6:34  Marine x2  
  12  6:41  Terran Infantry Armor Level 2  
  12  6:48  Marine x4  
  12  6:57  Command Center  
  12  7:00  Supply Depot  
  12  7:05  Marine x2  
  12  7:06  Marine x2  
  12  7:07  Barracks  
  12  7:08  Siege Tank  
  12  7:09  Barracks  
  12  7:10  Terran Vehicle And Ship Armor Level 1  
  12  7:12  SCV  
  12  7:16  Refinery  
  12  7:23  Supply Depot  
  12  7:24  Starport  
  12  7:25  SCV x2  
  12  7:28  SCV  
  12  7:33  Marine x3  
  12  7:37  SCV x2  
  12  7:40  SCV  
  12  7:41  Barracks  
  12  7:44  Siege Tank, Supply Depot  
  12  7:48  Viking  
  12  7:49  SCV  
  12  7:55  Barracks Reactor  
  12  7:56  Barracks Tech Lab  
  12  7:59  SCV x2  
  12  8:00  Marine  
  12  8:06  Marauder x2, SCV  
  12  8:07  Supply Depot  
  12  8:11  SCV x2, Supply Depot  
  12  8:17  Marine x5  
  12  8:18  Marine  
  12  8:20  Starport Reactor  
  12  8:23  Viking x2  
  12  8:27  SCV x3  
  12  8:29  Orbital Command  
  12  8:31  Marine x3  
  12  8:34  Barracks Tech Lab  
  12  8:36  Marauder x2  
  12  8:41  Supply Depot  
  12  8:45  Supply Depot  
  12  8:49  Refinery  
  12  8:51  SCV x2  
  12  8:52  SCV  
  12  8:55  Marauder x2, Marine x5, Supply Depot  
  12  9:02  Viking  
  12  9:03  SCV  
  12  9:08  Medivac  
  12  9:09  Medivac  
  12  9:15  Supply Depot  
  12  9:18  Marauder x2, Marine x4  
  12  9:23  Siege Tank  
  12  9:31  Supply Depot  
  12  9:37  Marine x6  
  12  9:38  Marine x3  
  12  9:39  Marine x2  
Tags
 
Add a new tag
Caveats
  • Supply blocks, unpowered buildings, or Contaminate may cause inaccurate times.
  • Supply counts are checked every 10 seconds.